 Dungeon Crawl Stone Soup version 0.23.1 (webtiles) character file.

Game seed: 0

67 elfaar the Cudgeler (level 4, -5/40 HPs)
             Began as a Minotaur Berserker on Mar 8, 2019.
             Was a Believer of Trog.
             Slain by a gnoll
             ... wielding a +0 flail
              (8 damage)
             ... on level 2 of the Dungeon.
             The game lasted 00:06:18 (848 turns).

elfaar the Cudgeler (Minotaur Berserker)             Turns: 848, Time: 00:06:18

Health: -5/40      AC:  3    Str: 22    XL:     4   Next: 0%
Magic:  3/3        EV: 12    Int:  4    God:    Trog [**....]
Gold:   95         SH:  0    Dex: 12    Spells: 3/3 levels left

rFire    . . .     SeeInvis +   a - +1 mace
rCold    . . .     Gourm    .   (no shield)
rNeg     . . .     Faith    .   g - +0 leather armour
rPois    .         Spirit   .   (helmet restricted)
rElec    .         Reflect  .   (no cloak)
rCorr    .         Harm     .   (no gloves)
MR       +....                  (no boots)
Stlth    +.........             (no amulet)
HPRegen  0.13/turn              j - ring of protection from magic
MPRegen  0.08/turn              k - ring of see invisible

@: no status effects
A: retaliatory headbutt, horns 2, agile 1, MP-powered wands
a: Berserk, Trog's Hand, Renounce Religion


You were on level 2 of the Dungeon.
You worshipped Trog.
Trog was pleased with you.
You were not hungry.

You visited 1 branch of the dungeon, and saw 2 of its levels.

You collected 95 gold pieces.

Inventory:

Hand Weapons
 a - a +1 mace (weapon)
Missiles
 e - 64 stones (quivered)
Armour
 g - a +0 leather armour (worn)
Jewellery
 j - a ring of protection from magic (left hand)
 k - a ring of see invisible (right hand)
Scrolls
 d - a scroll of enchant armour {unknown}
 h - a scroll of identify
 i - 2 scrolls of blinking
Potions
 b - a potion of curing {unknown}
Comestibles
 c - 3 rations
 f - 6 chunks of flesh


   Skills:
 + Level 4.3 Fighting
 + Level 4.9 Maces & Flails
 + Level 3.1 Armour
 + Level 2.4 Dodging


You had 3 spell levels left.
You didn't know any spells.
Your spell library was empty.

Dungeon Overview and Level Annotations

Branches:
Dungeon (2/15)

Altars:


Innate Abilities, Weirdness & Mutations

You reflexively headbutt those who attack you in melee.
You have a pair of horns on your head.
You are agile. (Dex +2)
You expend magic power (3 MP) to strengthen your wands.


Message History

The gnoll barely misses you. You furiously retaliate!
You headbutt the gnoll, but do no damage.
The gnoll completely misses you. The gnoll hits you with a +0 flail.
* * * LOW HITPOINT WARNING * * *
You're still recovering from your berserk rage.
You hit the gnoll. Your headbutt misses the gnoll.
The gnoll is severely wounded.
The gnoll barely misses you. x2
You sock the gnoll!
You kill the gnoll!
Trog accepts your kill.
You have reached level 4!
You feel agile.
You recover from your berserk rage.
The gnoll misses you. x2; You furiously retaliate!
You headbutt the gnoll, but do no damage.
You hit the gnoll but do no damage. The gnoll barely misses you.
The gnoll hits you but does no damage.
You closely miss the gnoll. The gnoll hits you with a +0 flail!
You die...

<............#
###........()#
............#
....#.......#
#.......#####
............#
#...#+#####.#
#.#. #.# ...
#@# . #g#
#...gg...#
#........#
#........#
#........#
##########


You could see 3 gnolls.

Vanquished Creatures
  A gnoll (D:2)
  An adder (D:2)
  An ooze (D:2)
  A worm (D:2)
  2 dart slugs
  2 leopard geckos
  A ball python (D:2)
  4 bats
  6 hobgoblins
  8 kobolds
  2 frilled lizards (D:1)
  3 goblins
  4 rats
36 creatures vanquished.

Notes
Turn   | Place    | Note
-------+----------+-------------------------------------------
     0 | D:1      | elfaar the Minotaur Berserker began the quest for the Orb.
     0 | D:1      | Reached XP level 1. HP: 19/19 MP: 0/0
   120 | D:1      | Reached XP level 2. HP: 24/27 MP: 1/1
   414 | D:1      | Gained mutation: You are frail. (-10% HP) [potion of
                  | mutation]
   414 | D:1      | Gained mutation: Your muscles are strong. (Str +2) [potion
                  | of mutation]
   691 | D:2      | Reached XP level 3. HP: 29/29 MP: 2/2
   696 | D:2      | Reached ** piety under Trog
   764 | D:2      | Lost mutation: You are frail. (-10% HP) [potion of
                  | mutation]
   764 | D:2      | Lost mutation: Your muscles are strong. (Str +2) [potion of
                  | mutation]
   764 | D:2      | Gained mutation: You have large cloven feet. [potion of
                  | mutation]
   764 | D:2      | Gained mutation: You are clumsy. (Dex -2) [potion of
                  | mutation]
   764 | D:2      | Lost mutation: You have large cloven feet. [potion of
                  | mutation]
   764 | D:2      | Gained mutation: You have sharp fingernails. [potion of
                  | mutation]
   765 | D:2      | Lost mutation: You are clumsy. (Dex -2) [potion of
                  | mutation]
   765 | D:2      | Lost mutation: You have sharp fingernails. [potion of
                  | mutation]
   765 | D:2      | Gained mutation: You are agile. (Dex +2) [potion of
                  | mutation]
   765 | D:2      | Gained mutation: You expend magic power (3 MP) to
                  | strengthen your wands. [potion of mutation]
   846 | D:2      | Reached XP level 4. HP: 2/40 MP: 3/3
   848 | D:2      | Slain by a gnoll

Skill      XL: |  1  2  3 |
---------------+----------+-----
Fighting       | 4 |  4.3
Maces & Flails | 4 |  4.9
Armour         | 3 |  3.1
Dodging        | |  2.4

Action                   |  1- 3 |  4- 6 || total
-------------------------+-------+-------++-------
Melee: Mace              |    55 |     2 ||    57
       Headbutt          |     8 |       ||     8
Invok: Berserk           |     1 |       ||     1
  Use: Scroll            |     4 |       ||     4
       Potion            |     3 |       ||     3
  Eat: Chunk             |     1 |       ||     1
Armor: Animal skin       |     1 |       ||     1
       Leather armour    |     6 |       ||     6
Dodge: Dodged            |    51 |     3 ||    54
